 Dungeon Crawl Stone Soup version 0.26.0-45-g9c1d065592 (webtiles) character file.

Game seed: 1652210488579274970

1354 trckry the Bolt Thrower (level 8, -3/48 HPs)
             Began as a Tengu Hunter on Jan 31, 2021.
             Slain by a hornet (6 damage)
             ... on level 6 of the Dungeon.
             The game lasted 00:11:03 (6279 turns).

trckry the Bolt Thrower (Tengu Hunter)              Turns: 6279, Time: 00:11:03

Health: -3/48      AC: 12    Str: 14    XL:     8   Next: 63%
Magic:  11/11      EV:  5    Int: 13    God:
Gold:   235        SH:  0    Dex: 14    Spells: 7/7 levels left

rFire    + . .     SeeInvis .   a - +1 hand crossbow
rCold    . . .     Faith    .   (no shield)
rNeg     . . .     Spirit   .   f - +0 plate armour
rPois    .         Reflect  .   (helmet restricted)
rElec    .         Harm     .   p - +0 cloak
rCorr    .         Rampage  .   (no gloves)
Will     .....                  (boots unavailable)
Stlth    ..........             (no amulet)
HPRegen  0.16/turn              q - ring of protection from fire
MPRegen  0.12/turn              (no ring)

@: lethally poisoned (-3 -> -9), flying quickly and evasively, quick
A: beak, talons 3, able to fly
a: Stop Flying


You were on level 6 of the Dungeon.
You visited 1 branch of the dungeon, and saw 6 of its levels.

You collected 235 gold pieces.

Inventory:

Hand Weapons
 a - a +1 hand crossbow (weapon)
 b - a +0 quarterstaff
Missiles
 d - 6 bolts (quivered ammo)
 k - 46 poisoned darts (quivered)
 y - a throwing net
Armour
 f - a +0 plate armour (worn)
 p - a +0 cloak (worn)
Jewellery
 q - a ring of protection from fire (left hand)
Wands
 c - a wand of iceblast (9)
 m - a wand of flame (8)
Scrolls
 e - 4 scrolls of remove curse
 h - a scroll of noise {unknown}
 l - 4 scrolls of magic mapping {unknown}
 n - 2 scrolls of identify {unknown}
 o - 2 scrolls of teleportation {unknown}
 s - 2 scrolls of blinking {unknown}
 t - a scroll of random uselessness {unknown}
 u - a scroll of amnesia {unknown}
 x - a scroll of vulnerability {unknown}
 A - a scroll of immolation {unknown}
Potions
 v - a potion of flight {unknown}
 w - a potion of invisibility {unknown}
 B - a potion of might {unknown}
 C - a potion of magic {unknown}


   Skills:
 + Level 4.4 Fighting
 + Level 4.1 Staves
 * Level 7.6 Crossbows
 - Level 2.5 Armour
 - Level 2.5 Dodging
 - Level 1.0 Stealth
 + Level 3.3 Invocations
 + Level 3.7 Evocations


You had 7 spell levels left.
You didn't know any spells.
Your spell library contained the following spells:

 Spells                   Type           Power        Failure   Level
 Sting                    Tmut/Pois      0%           100%        1


Dungeon Overview and Level Annotations

Branches:
Dungeon (6/15)
 Temple: D:4-7

Altars:
Elyvilon
Kikubaaqudgha
Nemelex Xobeh
Ru
Sif Muna
Trog
Xom
The Shining One

Shops:
D:5 =

Annotations:
D:6 Dowan, Duvessa


Innate Abilities, Weirdness & Mutations

You have a beak for a mouth.
You have claws for feet.
You can fly continuously.


Message History

Your +0 plate armour melds into your body.
Your roots penetrate the ground.
You feel sick.
The hornet stings you but does no damage. x2
The hornet stings you.
* * * LOW HITPOINT WARNING * * *
It was a potion of mutation.
You feel extremely strange.
You feel weaker.
You feel stronger.
* * * LOW HITPOINT WARNING * * *
You feel sick.
The hornet stings you but does no damage. x2
It was a potion of cancellation.
Your magical effects are unravelling.
You feel magically purged.
You feel less wooden.
Your +0 cloak unmelds from your body.
Your +0 plate armour unmelds from your body.
You feel yourself speed up.
* * * LOW HITPOINT WARNING * * *
You feel sick. The hornet stings you.
You die...

#.....#.....#
##..(..##...##
#........####
............#
#........(..###
..........(.#.##
...............#
...........##y.#
.......#.####@###
.##...### #.(..#
###. ###((# .(.#
..### ... ....
....# ...##


You could see a hornet (poisoned).

Vanquished Creatures
  Eustachio (D:6)
  A yak (D:5)
  2 ogres
  A big kobold (D:5)
  2 bullfrogs (D:6)
  A scorpion (D:5)
  A howler monkey (D:6)
  A bullfrog zombie (D:5)
  A jelly (D:5)
  3 orc priests
  An orc wizard (D:4)
  3 centaur skeletons
  Jessica (D:2)
  3 iguanas
  3 worker ants
  A gnoll (D:2)
  6 adders
  An ooze (D:2)
  A worm (D:3)
  3 dart slugs
  A leopard gecko (D:4)
  16 orcs
  3 giant cockroaches
  7 hobgoblins
  2 jackals (D:2)
  6 kobolds
  3 quokkas
  A ball python (D:6)
  A ball python skeleton (D:5)
  9 bats
  9 frilled lizards
  8 goblins
  A quokka skeleton (D:4)
  10 rats
114 creatures vanquished.

Notes
Turn   | Place    | Note
-------+----------+-------------------------------------------
     0 | D:1      | trckry the Tengu Hunter began the quest for the Orb.
     0 | D:1      | Reached XP level 1. HP: 12/12 MP: 2/2
   299 | D:1      | Reached XP level 2. HP: 12/17 MP: 3/3
  1176 | D:2      | Reached XP level 3. HP: 20/21 MP: 4/4
  1207 | D:2      | Found a shimmering blue altar of Sif Muna.
  1207 | D:2      | Noticed Jessica
  1212 | D:2      | Killed Jessica
  1213 | D:2      | Reached skill level 1 in Armour
  1245 | D:2      | Reached skill level 1 in Staves
  1245 | D:2      | Reached XP level 4. HP: 20/27 MP: 5/5
  1255 | D:2      | Identified Sif Muna's Incunabulum of Changing
  1322 | D:2      | Found a bloodstained altar of Trog.
  1325 | D:2      | Reached skill level 1 in Evocations
  1349 | D:2      | Reached skill level 5 in Crossbows
  1356 | D:2      | Reached skill level 1 in Invocations
  1637 | D:2      | Found a glowing golden altar of the Shining One.
  1879 | D:2      | Gained mutation: You can fly continuously. [Tengu growth]
  1879 | D:2      | Reached XP level 5. HP: 13/31 MP: 6/6
  2675 | D:3      | Found an ancient bone altar of Kikubaaqudgha.
  3320 | D:4      | Reached XP level 6. HP: 26/36 MP: 8/8
  3532 | D:4      | Found a shimmering altar of Xom.
  3661 | D:4      | Found a sacrificial altar of Ru.
  4058 | D:4      | Reached XP level 7. HP: 41/41 MP: 9/9
  4723 | D:5      | Entered Level 5 of the Dungeon
  4727 | D:5      | Reached skill level 6 in Crossbows
  5130 | D:5      | Found a white marble altar of Elyvilon.
  5418 | D:5      | Found Cisouzacw's Jewellery Shoppe.
  5565 | D:5      | Found a sparkling altar of Nemelex Xobeh.
  5748 | D:6      | Noticed Eustachio
  5753 | D:6      | Reached XP level 8. HP: 45/48 MP: 9/11
  5772 | D:6      | Killed Eustachio
  5773 | D:6      | Reached skill level 7 in Crossbows
  5824 | D:6      | Noticed a yak
  5827 | D:6      | Noticed a yak
  5834 | D:6      | Noticed a yak
  5846 | D:6      | HP: 7/48 [orc priest/divine providence (12)]
  5850 | D:6      | Noticed Duvessa
  5852 | D:6      | Noticed Dowan
  5904 | D:5      | Killed a yak
  6268 | D:6      | Noticed a hornet
  6273 | D:6      | HP: 6/48 [hornet (2)]
  6274 | D:6      | HP: 2/48 [hornet (10)]
  6278 | D:6      | Gained mutation: You are weak. (Str -2) [potion of
                  | mutation]
  6278 | D:6      | Lost mutation: You are weak. (Str -2) [potion of mutation]
  6279 | D:6      | HP: 3/48 [poisoned by a hornet]
  6279 | D:6      | Slain by a hornet

Illustrated notes

Levels and vault maps discovered:
D:1:      dpeg_arrival_boxes_within_box, layout_basic
D:2:      layout_basic, nzn_overflow_gifts_of_might_and_magic, tso_metal_star
D:3:      layout_rooms, nicolae_overflow_crystal_walls, serial_co_window_serial,
          co_window_of_opportunity_a, co_window_corner_a, co_window_corner_a,
          co_window_cross_1, co_window_paths_a, co_window_broadway_b,
          co_window_cross_2, co_window_of_opportunity_c,
          co_window_of_opportunity_c, co_window_cross_3, co_window_paths_d,
          glass_columns_a, glass_columns_b
D:4:      layout_layer_cave, grunt_temple_overflow_open
D:5:      layout_rooms, lemuel_round_altar, lemuel_round_altar, serial_shops,
          nicolae_shop_temple_entry_statues_fountains, grunt_ministairs_14,
          st_stairs_12, minmay_holes
D:6:      layout_cave_pools, minmay_temple_entry_antechambers, uniq_duvessa,
          uniq_eustachio

Skill      XL: |  1  2  3  4  5  6  7  8 |
---------------+-------------------------+-----
Armour         | 1 2 |  2.5
Staves         | 1 2 3 4 |  4.1
Evocations     | 1 2 3 |  3.7
Crossbows      | 5 6 7 |  7.6
Invocations    | 1 2 3 |  3.3
Fighting       | 3 4 |  4.4
Dodging        | |  2.5
Stealth        | |  1.0

Action                   |  1- 3 |  4- 6 |  7- 9 || total
-------------------------+-------+-------+-------++-------
Melee: Short sword       |    60 |    98 |     9 ||   167
       Kick              |    14 |    25 |     3 ||    42
       Peck              |     6 |    18 |     1 ||    25
 Fire: Hand crossbow     |     8 |    64 |   139 ||   211
Throw: Dart              |     1 |       |     2 ||     3
 Abil: Fly               |       |     1 |       ||     1
  Use: Scroll            |       |     1 |       ||     1
       Potion            |       |       |     6 ||     6
 Stab: Distracted        |       |     1 |       ||     1
Armor: Leather armour    |    15 |    26 |       ||    41
       Plate armour      |       |    36 |    57 ||    93
       Skin              |       |       |     4 ||     4
Dodge: Dodged            |    34 |    65 |    18 ||   117
